| TOP OF THE 1ST |
|
Frisco RoughRiders batting - Pitching for Northwest Arkansas Naturals : RHP Jim Haggart
|
|
Pitching: RHP Jim Haggart
|
|
|
Batting: LHB Yoshinari Nara
|
0-0: Ball 1-0: DOUBLE (Line Drive, 89M, EV 106.2 MPH)
|
|
Batting: LHB Jim Pankratz
|
0-0: Ball 1-0: Fly out, F8 (Flyball, 8LM, EV 90.6 MPH)
|
|
Batting: LHB Alfonso Collazo
|
0-0: Ball 1-0: Ball 2-0: Called Strike 2-1: Swinging Strike 2-2: Foul Ball, location: 2F 2-2: Ball 3-2: Strikes out swinging
|
|
Batting: RHB Josh Whitmore
|
0-0: SINGLE (Groundball, 6MD, EV 94.4 MPH) Yoshinari Nara to third Runner from 3rd tries for Home, SAFE, throw by CF to home
|
|
Batting: RHB Sergio Godinez
|
0-0: Ball 1-0: Foul Ball, location: 2F 1-1: Ball 2-1: SINGLE (Flyball, 56D, EV 90.0 MPH) Josh Whitmore to second Runner from 2nd tries for 3rd, SAFE, throw by LF made to third
|
|
Batting: RHB Dale Aubrey
|
0-0: Ground out 4-3 (Groundball, 4, EV 107.5 MPH)
|
| Top of the 1st over - 1 run, 3 hits, 0 errors, 2 left on base; Frisco 1 - Northwest Arkansas 0 |
| BOTTOM OF THE 1ST |
|
Northwest Arkansas Naturals batting - Pitching for Frisco RoughRiders : RHP Prince Gibson
|
|
Pitching: RHP Prince Gibson
|
|
|
Batting: LHB Edgar Ortiz
|
0-0: Ball 1-0: Ball 2-0: Ball 3-0: Base on Balls
|
|
Batting: RHB Kevin Allen
|
0-0: Called Strike 0-1: Ball 1-1: Called Strike 1-2: Ball 2-2: Fly out, F9 (Flyball, 9, EV 93.8 MPH)
|
|
Batting: LHB Pablo Serrato
|
0-0: Ball 1-0: Foul Ball, location: 2F 1-1: Foul Ball, location: 2F 1-2: Ball 2-2: Ball 3-2: Fly out, F8 (Flyball, 8LM, EV 97.5 MPH)
|
|
Batting: RHB Nick Julien
|
0-0: Called Strike 0-1: Ball 1-1: Foul Ball, location: 2F 1-2: Strikes out swinging
|
| Bottom of the 1st over - 0 runs, 0 hits, 0 errors, 1 left on base; Frisco 1 - Northwest Arkansas 0 |
| TOP OF THE 2ND |
|
Frisco RoughRiders batting - Pitching for Northwest Arkansas Naturals : RHP Jim Haggart
|
|
Batting: RHB Matt Sanders
|
0-0: Ball 1-0: Foul Ball, location: 2F 1-1: Ball 2-1: Foul Ball, location: 2F 2-2: Ball 3-2: Fly out, F7 (Flyball, 7, EV 72.5 MPH)
|
|
Batting: RHB Luis Arce
|
0-0: Ball 1-0: Foul Ball, location: 2F 1-1: Swinging Strike 1-2: Ball 2-2: Foul Ball, location: 2F 2-2: Ball 3-2: Strikes out looking
|
|
Batting: RHB Eduardo Chavez
|
0-0: Ball 1-0: Ball 2-0: Called Strike 2-1: Ball 3-1: Foul Ball, location: 2F 3-2: Foul Ball, location: 2F 3-2: Foul Ball, location: 2F 3-2: Foul Ball, location: 2F 3-2: Base on Balls
|
|
Batting: LHB Yoshinari Nara
|
0-0: Ball Eduardo Chavez steals 2nd base (no throw) 1-0: Ball 2-0: Foul Ball, location: 2F 2-1: Ball 3-1: Swinging Strike 3-2: Strikes out swinging
|
| Top of the 2nd over - 0 runs, 0 hits, 0 errors, 1 left on base; Frisco 1 - Northwest Arkansas 0 |
| BOTTOM OF THE 2ND |
|
Northwest Arkansas Naturals batting - Pitching for Frisco RoughRiders : RHP Prince Gibson
|
|
Batting: SHB Bill Ertl
|
0-0: Fly out, F8 (Flyball, 89D, EV 85.0 MPH)
|
|
Batting: RHB Edwin Ramos
|
0-0: Ball 1-0: SINGLE (Groundball, 56D, EV 97.5 MPH)
|
|
Batting: SHB Mike Williams
|
0-0: DOUBLE (Line Drive, 89XD, EV 111.2 MPH) Edwin Ramos to third Runner from 3rd tries for Home, SAFE, throw by CF to trailing runner, SAFE at third!
|
|
Batting: LHB Danny Pacheco
|
0-0: Ball 1-0: Ground out U3 (Groundball, 34S, EV 78.1 MPH) Mike Williams scores
|
|
Batting: RHB Adam Krieger
|
0-0: Ball 1-0: Called Strike 1-1: Ball 2-1: Foul Ball, location: 2F 2-2: Strikes out swinging
|
| Bottom of the 2nd over - 2 runs, 2 hits, 0 errors, 0 left on base; Frisco 1 - Northwest Arkansas 2 |
| TOP OF THE 3RD |
|
Frisco RoughRiders batting - Pitching for Northwest Arkansas Naturals : RHP Jim Haggart
|
|
Batting: LHB Jim Pankratz
|
0-0: Foul Ball, location: 2F 0-1: DOUBLE (Line Drive, 9LD, EV 100.0 MPH)
|
|
Batting: LHB Alfonso Collazo
|
0-0: Ball 1-0: Fly out, F7 (Flyball, 78M, EV 81.2 MPH)
|
|
Batting: RHB Josh Whitmore
|
0-0: Called Strike 0-1: Ball 1-1: Ball 2-1: Swinging Strike 2-2: 2-RUN HOME RUN (Flyball, 9LD, EV 95.0 MPH), Distance : 347 ft
|
|
Batting: RHB Sergio Godinez
|
0-0: Ball 1-0: Ground out 6-3 (Groundball, 6, EV 103.8 MPH)
|
|
Batting: RHB Dale Aubrey
|
0-0: Called Strike 0-1: SINGLE (Line Drive, 3D, EV 94.4 MPH)
|
|
Batting: RHB Matt Sanders
|
0-0: Ball 1-0: Ball 2-0: Ball 3-0: Called Strike 3-1: DOUBLE (Flyball, 78D, EV 95.0 MPH) Dale Aubrey to third Runner from 3rd tries for Home, SAFE, no throw by LF
|
|
Batting: RHB Luis Arce
|
0-0: Ground out 6-3 (Groundball, 56, EV 81.9 MPH)
|
| Top of the 3rd over - 3 runs, 4 hits, 0 errors, 1 left on base; Frisco 4 - Northwest Arkansas 2 |
| BOTTOM OF THE 3RD |
|
Northwest Arkansas Naturals batting - Pitching for Frisco RoughRiders : RHP Prince Gibson
|
|
Batting: LHB Edgar Ortiz
|
0-0: Called Strike 0-1: Ball 1-1: Called Strike 1-2: Ball 2-2: Ball 3-2: Ground out 1-3 (Groundball, 15S, EV 76.9 MPH)
|
|
Batting: RHB Kevin Allen
|
0-0: Ball 1-0: Ball 2-0: Swinging Strike 2-1: Foul Ball, location: 2F 2-2: Reached via error on a dropped throw from 3B, E3 (Groundball, 5L, EV 106.2 MPH)
|
|
Batting: LHB Pablo Serrato
|
0-0: Swinging Strike 0-1: Swinging Strike 0-2: Ball 1-2: Fly out, F8 (Flyball, 78M, EV 91.2 MPH)
|
|
Batting: RHB Nick Julien
|
0-0: Called Strike 0-1: Ball 1-1: Foul Ball, location: 2F 1-2: Strikes out looking
|
| Bottom of the 3rd over - 0 runs, 0 hits, 1 error, 1 left on base; Frisco 4 - Northwest Arkansas 2 |
| TOP OF THE 4TH |
|
Frisco RoughRiders batting - Pitching for Northwest Arkansas Naturals : RHP Jim Haggart
|
|
Batting: RHB Eduardo Chavez
|
0-0: Called Strike 0-1: Ball 1-1: Fly out, F7 (Flyball, 7, EV 76.2 MPH)
|
|
Batting: LHB Yoshinari Nara
|
0-0: Ball 1-0: Foul Ball, location: 2F 1-1: Ball 2-1: Fly out, F9 (Flyball, 89M, EV 89.4 MPH)
|
|
Batting: LHB Jim Pankratz
|
0-0: Ball 1-0: Foul Ball, location: 2F 1-1: Foul Ball, location: 2F 1-2: SINGLE (Groundball, 56D, EV 95.0 MPH)
|
|
Batting: LHB Alfonso Collazo
|
0-0: Ball Jim Pankratz steals 2nd base (no throw) 1-0: Ball 2-0: Ball Wild Pitch! Jim Pankratz to third 3-0: SINGLE (Groundball, 4MD, EV 109.4 MPH) Jim Pankratz scores
|
|
Pitching: RHP Kevin Fleming
|
|
|
Batting: RHB Josh Whitmore
|
0-0: Ball 1-0: Fielders Choice at 2nd, 6-4 (Groundball, 6, EV 100.0 MPH)
|
| Top of the 4th over - 1 run, 2 hits, 0 errors, 1 left on base; Frisco 5 - Northwest Arkansas 2 |
| BOTTOM OF THE 4TH |
|
Northwest Arkansas Naturals batting - Pitching for Frisco RoughRiders : RHP Prince Gibson
|
|
Batting: SHB Bill Ertl
|
0-0: Ball 1-0: Foul Ball, location: 2F 1-1: Ball 2-1: Called Strike 2-2: Ball 3-2: Strikes out swinging
|
|
Batting: RHB Edwin Ramos
|
0-0: Called Strike 0-1: SINGLE (Line Drive, 8LS, EV 87.5 MPH)
|
|
Batting: SHB Mike Williams
|
0-0: Fly out, F8 (Flyball, 8RD, EV 98.1 MPH)
|
|
Batting: LHB Danny Pacheco
|
0-0: Called Strike Edwin Ramos steals 2nd base 0-1: Ball 1-1: Fly out, F7 (Flyball, 78M, EV 82.5 MPH)
|
| Bottom of the 4th over - 0 runs, 1 hit, 0 errors, 1 left on base; Frisco 5 - Northwest Arkansas 2 |
| TOP OF THE 5TH |
|
Frisco RoughRiders batting - Pitching for Northwest Arkansas Naturals : RHP Kevin Fleming
|
|
Batting: RHB Sergio Godinez
|
0-0: Ball 1-0: Ball 2-0: Ball 3-0: Base on Balls
|
|
Batting: RHB Dale Aubrey
|
0-0: Foul Ball, location: 2F 0-1: Foul Ball, location: 2F 0-2: Ball 1-2: Ball 2-2: Strikes out looking
|
|
Batting: RHB Matt Sanders
|
0-0: Ball 1-0: Called Strike 1-1: Ball 2-1: Ball 3-1: Base on Balls Sergio Godinez to second
|
|
Batting: RHB Luis Arce
|
0-0: Swinging Strike 0-1: Called Strike 0-2: Ball 1-2: Foul Ball, location: 2F 1-2: Ball 2-2: Foul Ball, location: 2F 2-2: Ball 3-2: Base on Balls Sergio Godinez to third Matt Sanders to second
|
|
Batting: RHB Eduardo Chavez
|
0-0: Foul Ball, location: 2F 0-1: Swinging Strike 0-2: Strikes out swinging
|
|
Batting: LHB Yoshinari Nara
|
0-0: Ball 1-0: Ball 2-0: Ball 3-0: Base on Balls Sergio Godinez scores Matt Sanders to third Luis Arce to second
|
|
Pitching: RHP Alex Sanders
|
|
|
Batting: LHB Jim Pankratz
|
0-0: SINGLE (Flyball, 8RS, EV 93.8 MPH) Matt Sanders scores Luis Arce to third Yoshinari Nara to second Runner from 3rd tries for Home, throw by CF and OUT! 8-2
|
| Top of the 5th over - 2 runs, 1 hit, 0 errors, 2 left on base; Frisco 7 - Northwest Arkansas 2 |
| BOTTOM OF THE 5TH |
|
Northwest Arkansas Naturals batting - Pitching for Frisco RoughRiders : RHP Prince Gibson
|
|
Batting: RHB Adam Krieger
|
0-0: Foul Ball, location: 2F 0-1: SINGLE (Line Drive, 5L, EV 99.4 MPH)
|
|
Batting: LHB Edgar Ortiz
|
0-0: Ball 1-0: Called Strike 1-1: Foul Ball, location: 2F 1-2: Strikes out swinging
|
|
Batting: RHB Kevin Allen
|
0-0: Ball 1-0: Ball 2-0: Swinging Strike 2-1: Ball 3-1: Called Strike Pickoff Throw by Catcher to First - Out! 3-2: Strikes out swinging
|
| Bottom of the 5th over - 0 runs, 1 hit, 0 errors, 0 left on base; Frisco 7 - Northwest Arkansas 2 |
| TOP OF THE 6TH |
|
Frisco RoughRiders batting - Pitching for Northwest Arkansas Naturals : RHP Alex Sanders
|
|
Batting: LHB Alfonso Collazo
|
0-0: Called Strike 0-1: Ball 1-1: Foul Ball, location: 2F 1-2: Strikes out swinging
|
|
Batting: RHB Josh Whitmore
|
0-0: Called Strike 0-1: Hit by Pitch
|
|
Batting: RHB Sergio Godinez
|
0-0: Called Strike Josh Whitmore steals 2nd base 0-1: Ball Wild Pitch! Josh Whitmore to third 1-1: Foul Ball, location: 2F 1-2: Ball 2-2: Ball 3-2: Ground out 3-1 (Groundball, 34S, EV 85.6 MPH) Josh Whitmore scores
|
|
Batting: RHB Dale Aubrey
|
0-0: Ball 1-0: Ground out 6-3 (Groundball, 6, EV 98.1 MPH)
|
| Top of the 6th over - 1 run, 0 hits, 0 errors, 0 left on base; Frisco 8 - Northwest Arkansas 2 |
| BOTTOM OF THE 6TH |
|
Northwest Arkansas Naturals batting - Pitching for Frisco RoughRiders : RHP Prince Gibson
|
|
Batting: LHB Pablo Serrato
|
0-0: Swinging Strike 0-1: Ball 1-1: Ball 2-1: Ball 3-1: SINGLE (Groundball, 34D, EV 110.6 MPH)
|
|
Batting: RHB Nick Julien
|
0-0: Ball 1-0: Foul Ball, location: 2F 1-1: 2-RUN HOME RUN (Flyball, 78XD, EV 101.9 MPH), Distance : 426 ft
|
|
Batting: SHB Bill Ertl
|
0-0: Ball 1-0: Ball 2-0: Ground out 6-3 (Groundball, 6MS, EV 91.2 MPH)
|
|
Batting: RHB Edwin Ramos
|
0-0: Ball 1-0: Ground out 6-3 (Groundball, 6, EV 79.4 MPH)
|
|
Batting: SHB Mike Williams
|
0-0: Called Strike 0-1: Swinging Strike 0-2: Strikes out swinging
|
| Bottom of the 6th over - 2 runs, 2 hits, 0 errors, 0 left on base; Frisco 8 - Northwest Arkansas 4 |
| TOP OF THE 7TH |
|
Frisco RoughRiders batting - Pitching for Northwest Arkansas Naturals : RHP Alex Sanders
|
|
Pitching: RHP Ryan Crump
|
|
|
Batting: RHB Matt Sanders
|
0-0: Foul Ball, location: 2F 0-1: Ball 1-1: Foul Ball, location: 2F 1-2: Foul Ball, location: 2F 1-2: Ball 2-2: Fly out, F8 (Flyball, 8RM, EV 85.0 MPH)
|
|
Batting: RHB Luis Arce
|
0-0: Ball 1-0: Ground out 6-3 (Groundball, 6, EV 87.5 MPH)
|
|
Batting: RHB Eduardo Chavez
|
0-0: Called Strike 0-1: Ball 1-1: Foul Ball, location: 2F 1-2: Strikes out swinging
|
| Top of the 7th over - 0 runs, 0 hits, 0 errors, 0 left on base; Frisco 8 - Northwest Arkansas 4 |
| BOTTOM OF THE 7TH |
|
Northwest Arkansas Naturals batting - Pitching for Frisco RoughRiders : RHP Prince Gibson
|
|
Batting: LHB Danny Pacheco
|
0-0: Called Strike 0-1: Ball 1-1: Ground out 6-3 (Groundball, 6M, EV 103.1 MPH)
|
|
Batting: RHB Adam Krieger
|
0-0: Swinging Strike 0-1: Called Strike 0-2: Ground out U3 (Groundball, 34, EV 104.4 MPH)
|
|
Batting: LHB Edgar Ortiz
|
0-0: Called Strike 0-1: Foul Ball, location: 2F 0-2: Ball 1-2: Ball 2-2: Strikes out looking
|
| Bottom of the 7th over - 0 runs, 0 hits, 0 errors, 0 left on base; Frisco 8 - Northwest Arkansas 4 |
| TOP OF THE 8TH |
|
Frisco RoughRiders batting - Pitching for Northwest Arkansas Naturals : RHP Ryan Crump
|
|
Pitching: RHP John Barnett
|
|
|
Batting: LHB Yoshinari Nara
|
0-0: Reached on error, E2 (Groundball, 2R, EV 66.2 MPH)
|
|
Batting: LHB Jim Pankratz
|
0-0: Ball 1-0: Ball 2-0: Foul Ball, location: 2F 2-1: Foul Ball, location: 2F 2-2: Foul Ball, location: 2F 2-2: Foul Ball, location: 2F 2-2: Strikes out looking
|
|
Batting: LHB Alfonso Collazo
|
0-0: Called Strike Yoshinari Nara steals 3rd base 0-1: Foul Ball, location: 2F 0-2: Ground out 4-3 (Groundball, 34, EV 106.9 MPH) Yoshinari Nara scores
|
|
Batting: RHB Josh Whitmore
|
0-0: Called Strike 0-1: SINGLE (Line Drive, 4MD, EV 96.9 MPH)
|
|
Batting: RHB Sergio Godinez
|
0-0: Ball 1-0: Foul Ball, location: 2F 1-1: Foul Ball, location: 2F 1-2: Strikes out swinging
|
| Top of the 8th over - 1 run, 1 hit, 1 error, 1 left on base; Frisco 9 - Northwest Arkansas 4 |
| BOTTOM OF THE 8TH |
|
Northwest Arkansas Naturals batting - Pitching for Frisco RoughRiders : RHP Prince Gibson
|
|
Batting: RHB Kevin Allen
|
0-0: Called Strike 0-1: Ball 1-1: Fly out, F9 (Flyball, 9, EV 95.6 MPH)
|
|
Batting: LHB Pablo Serrato
|
0-0: Called Strike 0-1: Called Strike 0-2: Ball 1-2: Ground out U3 (Groundball, 34, EV 101.9 MPH)
|
|
Batting: RHB Nick Julien
|
0-0: Called Strike 0-1: Ball 1-1: Swinging Strike 1-2: Foul Ball, location: 2F 1-2: Strikes out swinging
|
| Bottom of the 8th over - 0 runs, 0 hits, 0 errors, 0 left on base; Frisco 9 - Northwest Arkansas 4 |
| TOP OF THE 9TH |
|
Frisco RoughRiders batting - Pitching for Northwest Arkansas Naturals : RHP John Barnett
|
|
Batting: RHB Dale Aubrey
|
0-0: Called Strike 0-1: Ball 1-1: DOUBLE (Groundball, 5L, EV 98.8 MPH)
|
|
Batting: RHB Matt Sanders
|
0-0: Ball Dale Aubrey is caught stealing 3rd base 2-5 1-0: Foul Ball, location: 2F 1-1: Called Strike 1-2: Foul Ball, location: 2F 1-2: SINGLE (Groundball, 6M, EV 97.5 MPH)
|
|
Batting: RHB Luis Arce
|
0-0: Called Strike 0-1: Swinging Strike 0-2: Ball 1-2: Ball 2-2: SINGLE (Groundball, 34D, EV 106.9 MPH) Matt Sanders to second Matt Sanders to third
|
|
Batting: RHB Eduardo Chavez
|
0-0: Fielders Choice at 2nd, 4-6 (Groundball, 4, EV 85.6 MPH) Matt Sanders scores
|
|
Batting: LHB Yoshinari Nara
|
0-0: Ball 1-0: Swinging Strike 1-1: Called Strike 1-2: Ball 2-2: Strikes out swinging
|
| Top of the 9th over - 1 run, 3 hits, 0 errors, 1 left on base; Frisco 10 - Northwest Arkansas 4 |
| BOTTOM OF THE 9TH |
|
Northwest Arkansas Naturals batting - Pitching for Frisco RoughRiders : RHP Prince Gibson
|
|
Pitching: RHP Matt Stutzman
|
|
|
Batting: SHB Bill Ertl
|
0-0: SINGLE (Groundball, 6D, EV 104.4 MPH)
|
|
Batting: RHB Edwin Ramos
|
0-0: Called Strike 0-1: DOUBLE (Flyball, 8LXD, EV 91.9 MPH) Bill Ertl to third
|
|
Batting: SHB Mike Williams
|
0-0: Foul Ball, location: 2F 0-1: Ball 1-1: Foul Ball, location: 2F 1-2: Foul Ball, location: 2F 1-2: Ball 2-2: Strikes out looking
|
|
Batting: LHB Danny Pacheco
|
0-0: Ball 1-0: Fly out, F9 (Flyball, 9, EV 91.9 MPH)
|
|
Pinch Hitting: LHB Josh Dalton
|
0-0: Foul Ball, location: 2F 0-1: Foul Ball, location: 2F 0-2: Strikes out swinging
|
| Bottom of the 9th over - 0 runs, 2 hits, 0 errors, 2 left on base; Frisco 10 - Northwest Arkansas 4 |
|